 Dungeon Crawl Stone Soup version 0.27.0-1-g7a089689b8 (webtiles) character file.

Game seed: 10500103765264010789

100 mainiacjoe the Vexing (level 4, -2/33 HPs)
             Began as a Hill Orc Enchanter on Aug 7, 2021.
             Slain by a white imp (3 damage)
             ... summoned by Natasha
             ... on level 3 of the Dungeon.
             The game lasted 00:06:51 (2672 turns).

mainiacjoe the Vexing (Hill Orc Enchanter)          Turns: 2672, Time: 00:06:52

Health: -2/33      AC:  4    Str: 11    XL:     4   Next: 74%
Magic:  2/6        EV: 12    Int: 15    God:
Gold:   111        SH:  0    Dex: 11    Spells: 0/6 levels left

rFire    . . .     SeeInvis .   a - +1 dagger
rCold    . . .     Faith    .   (no shield)
rNeg     . . .     Spirit   .   b - +0 robe
rPois    .         Reflect  .   m - +0 helmet
rElec    .         Harm     .   (no cloak)
rCorr    .         Rampage  .   (no gloves)
Will     .....                  h - +0 pair of boots
Stlth    ++........             (no amulet)
HPRegen  0.11/turn              (no ring)
MPRegen  0.10/turn              (no ring)

@: slowed, very slow
A: no striking features
a: no special abilities


You were on level 3 of the Dungeon.
You visited 1 branch of the dungeon, and saw 3 of its levels.

You collected 111 gold pieces.

Inventory:

Hand Weapons
 a - a +1 dagger (weapon)
Missiles
 c - 43 stones
 i - 5 datura-tipped darts {=F}
 j - 29 arrows
 o - 8 poisoned darts (quivered)
 s - 2 boomerangs
Armour
 b - a +0 robe (worn)
 h - a +0 pair of boots (worn)
 m - a +0 helmet (worn)
Scrolls
 e - 4 scrolls of vulnerability {unknown}
 f - a scroll of holy word {unknown}
 g - a scroll of identify {unknown}
 q - a scroll of magic mapping {unknown}
 r - a scroll of amnesia {unknown}
 t - a scroll of summoning {unknown}
Potions
 d - a potion of cancellation {unknown}
 k - 2 potions of heal wounds {unknown}
 l - a potion of mutation {unknown}
 n - a potion of resistance {unknown}
 p - 2 potions of curing {unknown}


   Skills:
 * Level 3.6 Short Blades
 - Level 1.5 Dodging
 - Level 2.4 Stealth
 - Level 1.5 Spellcasting
 + Level 3.9 Hexes


You couldn't memorise any spells.
You knew the following spells:

 Your Spells              Type           Power      Damage    Failure   Level
a - Corona                Hex            13%        N/A       4%          1
b - Ensorcelled Hibernat  Hex/Ice        14%        N/A       16%         2
c - Confusing Touch       Hex            12%        N/A       14%         3

Your spell library contained the following spells:

 Spells                   Type           Power      Damage    Failure   Level
 Tukima's Dance           Hex            12%        N/A       14%         3
 Dazzling Flash           Conj/Hex       14%        N/A       30%         3


Dungeon Overview and Level Annotations

Branches:
Dungeon (3/15)

Altars:

Annotations:
D:3 Natasha


Message History

Confirm with . or Enter, or press ? or * to list all spells.
Aiming: Corona (safe; 4% risk of failure)
Press: ? - help, Shift-Dir - straight line, f/p - Natasha
Aim: Natasha (chance to affect: 49%) Natasha resists with significant effort.
Natasha casts a spell at you.
You feel yourself slow down.
You closely miss Natasha. Natasha claws you!
* * * LOW HITPOINT WARNING * * *
You hit Natasha but do no damage.
Natasha extends her claws.
Natasha closely misses you.
You hit Natasha.
Natasha is lightly wounded.
Natasha mumbles some strange words.
Natasha closely misses you.
You hit Natasha but do no damage.
Natasha is lightly wounded.
Natasha mumbles some strange words.
The crimson imp closely misses you.
You hit Natasha.
Natasha is heavily wounded.
Natasha claws you but does no damage.
The crimson imp hits you but does no damage.
The white imp gestures at you. The puff of frost misses you.
You aren't carrying any items that you can evoke.
Unknown command.
You closely miss Natasha.
Natasha is heavily wounded.
Natasha extends her claws.
Natasha casts a spell at you. The magic dart hits you.
* * * LOW HITPOINT WARNING * * *
The crimson imp hits you.
* * * LOW HITPOINT WARNING * * *
The white imp hits you.
* * * LOW HITPOINT WARNING * * *
The white imp freezes you.
You die...

#.........# #.........#
###.........# #......###..
###......### #....##..###
#.....###..### #.......###5.#
#.........##@+ ###.......###5h#
#......####..#########
######.##..###.......#
#...###.........#######
#.###.............#...##
######...#.................<###
#..............................
###....#........#######......##


You could see Natasha, a crimson imp (summoned) and a white imp (summoned).

Vanquished Creatures
  Jessica (D:2)
  An adder (D:2)
  A dart slug (D:3)
  4 orcs
  6 ball pythons
  2 endoplasms
  4 giant cockroaches
  4 goblins
  6 hobgoblins
  5 jackals
  3 bats
  4 frilled lizards (D:1)
  8 kobolds
  6 rats
55 creatures vanquished.

Notes
Turn   | Place    | Note
-------+----------+-------------------------------------------
     0 | D:1      | mainiacjoe the Hill Orc Enchanter began the quest for the
                  | Orb.
     0 | D:1      | Reached XP level 1. HP: 14/14 MP: 3/3
   297 | D:1      | Reached XP level 2. HP: 19/20 MP: 4/4
   300 | D:1      | Learned a level 2 spell: Ensorcelled Hibernation
   836 | D:1      | Reached XP level 3. HP: 24/26 MP: 2/5
  1757 | D:2      | Noticed Jessica
  1765 | D:2      | Killed Jessica
  1766 | D:2      | Reached XP level 4. HP: 33/33 MP: 1/6
  2026 | D:2      | Learned a level 3 spell: Confusing Touch
  2659 | D:3      | Noticed Natasha
  2672 | D:3      | HP: 1/33 [white imp[Natasha] (2)]
  2672 | D:3      | Slain by a white imp

Illustrated notes

Levels and vault maps discovered:
D:1:      scummos_arrival_hexagon, layout_rooms, chequers_serial_rivers_micro_c,
          minmay_hexomino_p4
D:2:      layout_loops_corners, chequers_serial_rivers_large_a, uniq_jessica
D:3:      layout_rooms, nicolae_ru_the_path_less_chosen, serial_aquarium,
          aquarium_bridge_long_separate [aquarium_subvault_bridge,
          aquarium_subvault_balcony, aquarium_subvault_wall,
          aquarium_subvault_bridge, aquarium_subvault_window,
          aquarium_subvault_balcony], aquarium_window_1, aquarium_window_fake,
          aquarium_window_corridor_2, aquarium_view_2f, aquarium_balcony_3a,
          nrook_mini_backslash, grunt_decor_clamped, minivault_27,
          saegor_snake_ambush, uniq_natasha, uniq_grinder, uniq_sigmund

Skill      XL: |  1  2  3 |
---------------+----------+-----
Short Blades   | 2 3 |  3.6
Dodging        | |  1.5
Stealth        | |  2.4
Spellcasting   | |  1.5
Hexes          | |  3.9

Action                   |  1- 3 |  4- 6 || total
-------------------------+-------+-------++-------
Melee: Dagger            |   110 |    55 ||   165
Throw: Stone             |    29 |     1 ||    30
       Dart              |     8 |    35 ||    43
 Cast: Corona            |     3 |     1 ||     4
       Ensorcelled Hiber |    10 |     5 ||    15
 Stab: Sleeping          |    12 |     4 ||    16
Armor: Robe              |    39 |    12 ||    51
Dodge: Dodged            |    77 |    41 ||   118
